Map: Светотень РВ

Players

IIIIIIIIIIII

  • Race: Protoss Protoss
  • League: Master
  • Spawn Location: 5:00

SKILLOUS - Winner!

  • Race: Protoss Protoss
  • League: Master
  • Spawn Location: 11:00

VOD

https://youtu.be/SHLt5BZoCcA

Description

Time

  • Played on: Jan. 29, 2021, 11:02 a.m.
  • Length: 11:55
Show
View Real Time Build Order
Export as new Build Order

IIIIIIIIIIII Protoss 

Build Orders: Zealot Archon 

Get SALT Encoding   

  12  0:00  Probe  
  13  0:12  Probe  
  14  0:17  Pylon  
  14  0:24  Probe (Chrono Boost)  
  15  0:36  Probe (Chrono Boost)  
  15  0:38  Gateway  
  16  0:44  Probe (Chrono Boost)  
  16  0:45  Assimilator  
  17  0:51  Probe  
  17  0:54  Assimilator  
  18  1:03  Probe (Chrono Boost)  
  19  1:07  Gateway  
  19  1:14  Probe (Chrono Boost)  
  20  1:18  Probe (Chrono Boost)  
  21  1:25  Cybernetics Core  
  21  1:29  Probe  
  22  1:41  Probe  
  22  1:45  Pylon  
  23  2:03  Probe  
  23  2:04  Stalker  
  23  2:05  Stalker  
  23  2:08  Warp Gate  
  28  2:16  Probe  
  28  2:22  Pylon  
  29  2:26  Pylon  
  29  2:28  Probe  
  30  2:40  Probe, Sentry x2  
  35  2:52  Probe  
  36  3:04  Nexus  
  36  3:08  Shield Battery  
  36  3:11  Sentry  
  38  3:19  Probe  
  39  3:21  Pylon  
  39  3:32  Twilight Council  
  39  3:39  Probe  
  40  3:51  Probe  
  40  3:54  Forge  
  41  3:57  Stalker x2  
  45  4:03  Probe (Chrono Boost)  
  46  4:13  Blink  
  46  4:14  Probe (Chrono Boost)  
  48  4:18  Probe (Chrono Boost)  
  48  4:23  Probe (Chrono Boost)  
  49  4:26  Probe (Chrono Boost)  
  49  4:27  Protoss Ground Weapons Level 1 (Chrono Boost)  
  51  4:31  Probe (Chrono Boost)  
  51  4:36  Probe (Chrono Boost)  
  51  4:37  Probe (Chrono Boost)  
  51  4:38  Robotics Facility  
  53  4:42  Probe  
  53  4:45  Assimilator  
  54  4:52  Pylon  
  54  4:53  Pylon  
  54  5:05  Nexus  
  54  5:10  Probe x2  
  56  5:23  Probe x2  
  56  5:26  Observer, Gateway  
  56  5:27  Gateway  
  59  5:35  Probe x2, Gateway  
  61  5:36  Gateway  
  61  5:45  Stalker x2  
  61  5:47  Probe x2  
  67  5:59  Probe x2  
  69  6:04  Pylon  
  69  6:07  Pylon  
  69  6:11  Probe  
  70  6:13  Protoss Ground Weapons Level 2 (Chrono Boost)  
  70  6:14  Charge  
  70  6:16  Probe  
  70  6:17  Immortal (Chrono Boost)  
  75  6:20  Stalker  
  75  6:21  Stalker  
  75  6:22  Probe  
  75  6:23  Probe  
  81  6:31  Pylon  
  81  6:35  Shield Battery  
  81  6:40  Stalker  
  81  6:41  Stalker, Zealot  
  81  6:42  Zealot  
  81  6:44  Zealot  
  91  6:52  Immortal (Chrono Boost)  
  95  7:02  Gateway  
  95  7:09  Gateway  
  95  7:11  Gateway  
  95  7:12  Gateway  
  95  7:16  Templar Archives  
  95  7:22  Zealot x3  
  99  7:27  Pylon  
  99  7:28  Pylon, Warp Prism (Chrono Boost)  
  101  7:30  Pylon  
  101  7:36  Zealot x2  
  101  7:37  Zealot  
  109  7:43  Pylon  
  109  7:44  Pylon  
  109  7:53  High Templar x2  
  109  7:54  Zealot  
  109  7:57  Archon  
  115  8:06  Zealot x4  
  115  8:07  Zealot  
  115  8:08  Zealot x2  
  129  8:16  Zealot  
  131  8:20  Pylon  
  131  8:26  Zealot x4  
  131  8:27  Zealot x2  
  141  8:28  Zealot x2  
  135  8:48  Zealot x9  
  105  9:03  Zealot  
  105  9:09  Zealot x7  
  107  9:10  Zealot  
  80  9:29  Stalker x4  
  80  9:30  Stalker x2, Zealot  
  78  9:45  Stalker x3  
  78  9:51  Zealot  
  82  9:53  Zealot x5  
  88  10:09  Zealot x4  
  90  10:25  Zealot x4  
  90  10:26  Zealot x2  
  96  10:35  Warp Prism (Chrono Boost)  
  68  10:39  Stalker  
  68  10:40  Stalker x7  
  68  10:41  Stalker  
  82  10:51  Stalker  
  84  11:05  Observer (Chrono Boost)  
  84  11:06  High Templar x3  
  84  11:07  High Templar, Zealot x3  
  84  11:10  Archon  
  99  11:11  Archon  
  99  11:12  Nexus  
  99  11:15  Stalker, Sentry, Pylon  
  99  11:17  Zealot  
  105  11:19  Probe x3  
  108  11:31  Probe x3  
  111  11:36  Zealot x3  
  111  11:37  Zealot  
  111  11:38  Zealot x2  
  123  11:42  Zealot  
Show
View Real Time Build Order
Export as new Build Order

SKILLOUS Protoss - Winner!

Build Orders:  

Get SALT Encoding   

  12  0:01  Probe  
  13  0:14  Probe  
  14  0:18  Pylon  
  14  0:26  Probe (Chrono Boost)  
  15  0:38  Gateway  
  15  0:41  Probe (Chrono Boost)  
  16  0:47  Probe (Chrono Boost)  
  16  0:49  Assimilator  
  17  0:55  Probe (Chrono Boost)  
  18  0:57  Assimilator  
  18  1:07  Probe (Chrono Boost)  
  18  1:11  Gateway  
  19  1:14  Probe (Chrono Boost)  
  20  1:21  Probe  
  21  1:26  Cybernetics Core  
  21  1:34  Probe  
  21  1:35  Pylon  
  22  1:46  Probe  
  23  1:58  Probe  
  24  2:03  Stalker x2  
  24  2:04  Warp Gate  
  28  2:16  Pylon  
  28  2:33  Stalker  
  28  2:34  Stalker  
  31  2:48  Probe  
  32  3:00  Probe  
  32  3:04  Sentry  
  32  3:05  Sentry  
  37  3:07  Nexus  
  37  3:12  Probe  
  38  3:15  Pylon  
  38  3:23  Twilight Council  
  38  3:26  Probe  
  39  3:45  Probe (Chrono Boost)  
  39  3:46  Forge  
  40  3:54  Probe (Chrono Boost)  
  41  3:59  Probe (Chrono Boost)  
  41  4:01  Blink  
  42  4:11  Probe (Chrono Boost)  
  42  4:15  Protoss Ground Weapons Level 1 (Chrono Boost)  
  43  4:18  Probe (Chrono Boost)  
  43  4:20  Probe (Chrono Boost)  
  45  4:25  Robotics Facility  
  45  4:29  Probe (Chrono Boost)  
  45  4:30  Probe (Chrono Boost)  
  47  4:37  Probe (Chrono Boost)  
  49  4:39  Probe (Chrono Boost)  
  49  4:42  Probe (Chrono Boost)  
  49  4:45  Probe (Chrono Boost)  
  51  4:51  Probe  
  52  4:55  Pylon, Nexus  
  52  4:57  Probe  
  52  4:59  Assimilator  
  53  5:01  Sentry  
  53  5:04  Probe  
  56  5:09  Probe  
  56  5:12  Observer, Gateway  
  58  5:14  Gateway  
  58  5:16  Probe  
  59  5:21  Probe  
  59  5:25  Gateway  
  59  5:26  Pylon  
  59  5:28  Probe  
  61  5:33  Observer, Stalker  
  61  5:34  Probe  
  65  5:39  Stalker  
  65  5:40  Probe  
  68  5:47  Gateway  
  68  5:49  Probe  
  69  5:52  Probe  
  69  5:53  Shield Battery  
  69  5:57  Observer  
  71  5:58  Protoss Ground Weapons Level 2 (Chrono Boost)  
  71  6:01  Probe  
  72  6:05  Probe  
  73  6:11  Gateway  
  73  6:12  Gateway  
  73  6:13  Probe x2  
  73  6:16  Gateway  
  75  6:18  Probe  
  75  6:24  Assimilator  
  75  6:25  Probe x2  
  77  6:32  Probe  
  79  6:34  Pylon  
  79  6:36  Charge  
  79  6:37  Probe  
  79  6:38  Probe  
  79  6:39  Warp Prism  
  83  6:48  Stalker x3  
  83  6:50  Stalker  
  91  6:56  Pylon  
  91  6:59  Probe x3  
  91  7:00  Assimilator  
  94  7:01  Assimilator  
  94  7:10  Pylon  
  94  7:11  Probe x2  
  94  7:13  Stalker x2  
  101  7:28  Stalker x6  
  113  7:31  Pylon  
  113  7:32  Pylon  
  113  7:36  Robotics Bay  
  112  7:38  Photon Cannon  
  112  7:47  Robotics Facility  
  112  7:59  Stalker x4, Shield Battery x2  
  112  8:00  Probe, Pylon  
  121  8:12  Shield Battery  
  119  8:13  Shield Battery, Pylon  
  119  8:16  Shield Battery  
  119  8:19  Stalker x3  
  125  8:20  Stalker  
  125  8:21  Disruptor (Chrono Boost)  
  130  8:36  Stalker x4  
  137  8:43  Zealot x3  
  139  8:53  Stalker x2  
  125  9:01  Zealot x4  
  121  9:07  Zealot x3  
  98  9:17  Zealot x2  
  77  9:25  Zealot x4  
  73  9:34  Stalker x2  
  73  9:35  Stalker  
  79  9:40  Stalker  
  73  9:47  Stalker x2  
  73  9:50  Stalker  
  79  9:54  Stalker  
  81  10:01  Zealot x3  
  81  10:06  Zealot x2  
  89  10:12  Zealot x2  
  83  10:21  Stalker x3  
  83  10:24  Observer, Zealot  
  83  10:27  Zealot  
  79  10:34  Probe x2  
  67  10:40  Disruptor (Chrono Boost)  
  70  10:46  Disruptor (Chrono Boost)  
  70  10:49  Probe  
  74  10:50  Probe, Shield Battery  
  74  10:52  Probe  
  74  10:54  Sentry x2  
  74  10:56  Sentry  
  82  11:01  Probe  
  82  11:02  Observer, Sentry x3  
  89  11:05  Disruptor (Chrono Boost)  
  89  11:09  Disruptor (Chrono Boost)  
  92  11:16  Probe  
  98  11:18  Probe x2  
  98  11:26  Stalker  
  98  11:28  Stalker  
  98  11:29  Stalker  
  98  11:30  Probe  
  105  11:34  Stalker  
Tags
 
Add a new tag
Caveats
  • Supply blocks, unpowered buildings, or Contaminate may cause inaccurate times.
  • Supply counts are checked every 10 seconds.